 Dungeon Crawl Stone Soup version 0.25.0-26-g0c896c7088 (webtiles) character file.

Game seed: 5306736116198922828

66 lepoulpe303 the Sneak (level 3, -2/17 HPs)
             Began as a Spriggan Enchanter on July 1, 2020.
             Killed from afar by Ijyb (12 damage)
             ... with a puff of flame
             ... on level 3 of the Dungeon.
             The game lasted 00:08:44 (2711 turns).

lepoulpe303 the Sneak (Spriggan Enchanter)          Turns: 2711, Time: 00:08:44

Health: -2/17      AC:  2    Str:  4    XL:     3   Next: 96%
Magic:  5/9        EV: 19    Int: 17    God:
Gold:   156        SH:  0    Dex: 16    Spells: 3/9 levels left

rFire    . . .     SeeInvis +   a - +1 dagger
rCold    . . .     Gourm    .   (shield restricted)
rNeg     . . .     Faith    .   b - +0 robe
rPois    .         Spirit   .   (helmet restricted)
rElec    .         Reflect  .   (no cloak)
rCorr    .         Harm     .   (gloves unavailable)
MR       .....                  (boots unavailable)
Stlth    +++.......             (no amulet)
HPRegen  0.05/turn              (no ring)
MPRegen  0.11/turn              (no ring)

@: very quick
A: very small, unfitting armour, see invisible, herbivore, speed 3, slow
metabolism 2
a: no special abilities


You were on level 3 of the Dungeon.
You were not hungry.

You visited 1 branch of the dungeon, and saw 3 of its levels.

You collected 156 gold pieces.

Inventory:

Hand Weapons
 a - a +1 dagger (weapon)
Missiles
 c - 7 atropa-tipped darts (quivered)
Armour
 b - a +0 robe (worn)
Scrolls
 h - a scroll of random uselessness {unknown}
 l - a scroll of remove curse {unknown}
 m - a scroll of amnesia {unknown}
Potions
 d - a potion of degeneration {unknown}
 f - a potion of stabbing {unknown}
 g - 2 potions of ambrosia {unknown}
 i - 2 potions of resistance
 j - 3 potions of brilliance {unknown}
 k - a potion of might {unknown}
 n - 4 potions of lignification {unknown}
Comestibles
 e - 5 rations


   Skills:
 + Level 0.4 Fighting
 * Level 2.2 Short Blades
 + Level 3.5 Dodging
 + Level 4.8 Stealth
 * Level 3.5 Spellcasting
 * Level 4.2 Hexes


You had 3 spell levels left.
You knew the following spells:

 Your Spells              Type           Power        Failure   Level  Hunger
a - Ensorcelled Hibernat  Hex/Ice        ##....       11%         2    ##.....
b - Confusing Touch       Hex            ###.....     9%          3    ###....
v - Corona                Hex            ###....      3%          1    None

Your spell library contained the following spells:

 Spells                   Type           Power        Failure   Level  Hunger
 Tukima's Dance           Hex            ###.....     9%          3    ###....
 Dazzling Flash           Conj/Hex       ##....       22%         3    ###....


Dungeon Overview and Level Annotations

Branches:
Dungeon (3/15)

Altars:
Trog
Xom

Annotations:
D:3 Ijyb


Innate Abilities, Weirdness & Mutations

You are very small and have problems with some larger weapons.
You are too small for most types of armour.
You have supernaturally acute eyesight. (SInv)
You are a herbivore.
You cover ground extremely quickly.
You need to consume almost no food.


Message History

You take 4 damage, and have 12/17 hp.
MASSIVE DAMAGE!!
You hit Ijyb but do no damage.
Ijyb hits you with a +2 dagger of speed.
* * * LOW HITPOINT WARNING * * *
You take 3 damage, and have 9/17 hp.
You catch the helpless Ijyb completely off-guard!
You puncture Ijyb! Ijyb closely misses you.
You hit Ijyb. You completely miss Ijyb. You hit Ijyb but do no damage.
You hit Ijyb. Ijyb misses you.
You hit Ijyb but do no damage.
Ijyb seems less confused.
Ijyb hits you but does no damage.
You barely miss Ijyb.
Ijyb zaps a wand.
The puff of flame hits you!
Ouch! That really hurt!
You die...

#........####.##.#####.#.##..# #
##.#####..####.##.......#.###.###
.............................>...
.#.#####....#.........##.########
##...#.#######.##.# ##...#.##
#....# #.......# ######
#...##..###### #...##...@...#
.#†#.##..g###.# #..........# #.#
###.#.##.#.# #.##### #.#......#
#.....# #.##.#.### #####.#
#....#.# #.# ####...# #####.#
#.....# #.....#


You could see Ijyb.

Levels and vault maps discovered:
D:1:      eino_arrival_water_star, layout_basic, nrook_mini_vaults,
          xom_teletrap_fun
D:2:      layout_basic, first_ration, trog_three_pillars_becter
D:3:      layout_basic, uniq_robin, uniq_ijyb

Notes
Turn   | Place    | Note
-------+----------+-------------------------------------------
     0 | D:1      | lepoulpe303 the Spriggan Enchanter began the quest for the
                  | Orb.
     0 | D:1      | Reached XP level 1. HP: 9/9 MP: 5/5
    89 | D:1      | Identified a +0 club
   158 | D:1      | Identified a +0 whip
   162 | D:1      | Reached skill level 3 in Spellcasting
   162 | D:1      | Reached XP level 2. HP: 10/13 MP: 7/7
   166 | D:1      | Learned a level 2 spell: Ensorcelled Hibernation
   166 | D:1      | Identified a +0 club
   284 | D:1      | Identified a cursed -3 club
   307 | D:1      | Identified a +0 dagger
   310 | D:1      | Found a shimmering altar of Xom.
   728 | D:1      | Reached skill level 4 in Hexes
   895 | D:1      | Reached XP level 3. HP: 10/16 MP: 8/8
   900 | D:1      | Learned a level 3 spell: Confusing Touch
  1156 | D:2      | Identified a +0 club
  1216 | D:2      | Identified a +1 dagger
  1298 | D:2      | Reached skill level 2 in Short Blades
  1320 | D:2      | Found a bloodstained altar of Trog.
  2151 | D:2      | Identified a +0 short sword
  2481 | D:3      | Identified a +2 dagger of speed
  2481 | D:3      | Identified a cursed +0 leather armour
  2481 | D:3      | Noticed Ijyb
  2486 | D:3      | Identified a +0 club
  2711 | D:3      | Killed from afar by Ijyb

Table legend:
 A = Turns spent in this place as a percentage of turns spent in the entire game.
 B = Non-inter-level travel turns spent in this place as a percentage of non-inter-level travel turns spent in the entire game.
 C = Inter-level travel turns spent in this place as a percentage of turns spent in this place.
 D = Turns resting spent in this place as a percentage of non-inter-level travel turns spent in this place.
 E = Turns spent auto-exploring this place as a percentage of non-inter-level travel turns spent in this place.
 F = Non-inter-level travel turns spent in this place divided by the number of levels of this place that you've seen.
                   A       B       C       D       E      F
               +-------+-------+-------+-------+-------+----------------------
         Total | 100.0 | 100.0 |   1.9 |  29.5 |  42.6 | 886.3
       Dungeon | 100.0 | 100.0 |   1.9 |  29.5 |  42.6 | 886.3
               +-------+-------+-------+-------+-------+----------------------

Table legend:
 A = Kills in this place as a percentage of kills in entire the game.
 B = Kills by you in this place as a percentage of kills by you in the entire game.
 C = Kills by friends in this place as a percentage of kills by friends in the entire game.
 D = Other kills in this place as a percentage of other kills in the entire game.
 E = Experience gained in this place as a percentage of experience gained in the entire game.
 F = Experience gained in this place divided by the number of levels of this place that you have seen.
                   A       B       C       D       E      F
               +-------+-------+-------+-------+-------+----------------------
         Total | 100.0 | 100.0 |   N/A |   N/A | 100.0 |  31.7
       Dungeon | 100.0 | 100.0 |   N/A |   N/A | 100.0 |  31.7
               +-------+-------+-------+-------+-------+----------------------

Skill      XL: |  1  2  3 |
---------------+----------+-----
Spellcasting   | 3 |  3.5
Hexes          | 4 |  4.2
Short Blades   | 2 |  2.2
Fighting       | |  0.4
Dodging        | |  3.5
Stealth        | |  4.8

Action                   || total
-------------------------++-------
Melee: Dagger            ||   152
Throw: Dart              ||     1
 Cast: Ensorcelled Hiber ||    12
       Confusing Touch   ||     1
 Stab: Sleeping          ||    16
       Distracted        ||     1
       Confused          ||     1
Armor: Robe              ||    11
Dodge: Dodged            ||   109

Vanquished Creatures
  A gnoll (D:1)
  An adder (D:2)
  3 worms (D:2)
  3 giant cockroaches
  5 goblins
  5 hobgoblins
  4 jackals (D:1)
  2 ball pythons
  4 bats
  A frilled lizard (D:1)
  A kobold (D:2)
  9 rats
39 creatures vanquished.
